 Dungeon Crawl Stone Soup version 0.17-a0-1447-g3d113ad (webtiles) character file.

190 Vlagh the Insei (level 5, -2/34 HPs)
             Began as an Octopode Transmuter on June 30, 2015.
             Slain by Edmund
             ... wielding a +0 dire flail
              (10 damage)
             ... on level 4 of the Dungeon.
             The game lasted 00:16:50 (3595 turns).

Vlagh the Insei (Octopode Transmuter)               Turns: 3595, Time: 00:16:50

Health: -2/34      AC:  2    Str:  9    XL:     5   Next: 69%
Magic:  3/9        EV: 20    Int: 16    God:
Gold:   114        SH:  0    Dex: 18    Spells: 2 memorised, 5 levels left

rFire  + . .     SeeInvis .       - Unarmed
rCold  x . .     Clarity  .     (shield currently unavailable)
rNeg   . . .     SustAt   .     (helmet currently unavailable)
rPois  x         Gourm    .     (no amulet)
rElec  .         Spirit   .     q - ring of fire
rCorr  .         Warding  .     (no ring)
rMut   .         Stasis   .     (no ring)
MR     .....                    (no ring)
Stlth  ++........               (no ring)
                                (no ring)
                                (no ring)
                                (no ring)

@: spider-form, very slightly contaminated, not resistant to hostile
enchantments, unstealthy
A: almost no armour, amphibious, 8 rings, (constrict 8), (camouflage 0),
(gelatinous body 0)
a: End Transformation


You were on level 4 of the Dungeon.
You were not hungry.
You were a venomous arachnid creature.
You visited 1 branch of the dungeon, and saw 4 of its levels.

You collected 114 gold pieces.

Inventory:

Missiles
 a - 43 arrows
Jewellery
 q - a ring of fire (left front leg)
Scrolls
 i - a scroll of enchant armour
 j - 2 scrolls of fear
 l - 2 scrolls of identify
 r - a scroll of magic mapping
Potions
 d - 2 potions of magic
 e - a potion of brilliance {unknown}
 g - a potion of flight {unknown}
 h - 3 potions of curing {unknown}
 k - a potion of might {unknown}
 n - a potion of haste {unknown}
 o - a potion of poison {unknown}
 s - a potion of heal wounds {unknown}
Books
 b - a book of Changes

   Spells                             Type                      Level
   a - Beastly Appendage              Transmutation                1
   b - Sticks to Snakes               Transmutation                2
   c - Spider Form                    Transmutation/Poison         3
   d - Ice Form                       Ice/Transmutation            4
   e - Blade Hands                    Transmutation                5
Comestibles
 c - 4 bread rations
 f - 3 meat rations
 t - a slice of pizza


   Skills:
 + Level 2.2 Fighting
 + Level 2.6 Dodging
 + Level 3.7 Unarmed Combat
 + Level 2.6 Spellcasting
 + Level 3.4 Transmutations
 * Level 1.7 Poison Magic


You had 5 spell levels left.
You knew the following spells:

 Your Spells              Type           Power        Failure   Level  Hunger
a - Beastly Appendage     Trmt           ##....       17%         1    #......
b - Spider Form           Trmt/Pois      ##........   41%         3    ###....


Dungeon Overview and Level Annotations

Branches:
Dungeon (4/15)
 Temple: D:4-7

Altars:
Makhleb

Annotations:
D:4 Edmund


Innate Abilities, Weirdness & Mutations

You cannot wear most types of armour.
You are amphibious.
You can wear up to eight rings at the same time.
((You can use your tentacles to constrict eight enemies at once.))
((Your skin changes colour to match your surroundings (Stealth).))
((Your rubbery body absorbs attacks (AC +1).))


Message History

The orc hits you with a dagger. Edmund misses you. The orc barely misses you.
You hit the orc but do no damage.
The orc is severely wounded.
The orc misses you. The orc hits you with a dagger. Edmund closely misses you.
The orc hits you with a dagger.
You hit the orc.
The orc is severely wounded.
You kill the orc!
The orc hits you but does no damage. Edmund barely misses you.
You hit the orc.
The orc is poisoned.
The orc is severely wounded.
You kill the orc!
The orc completely misses you. The orc misses you.
You hit Edmund.
Edmund looks even sicker.
Edmund is moderately wounded.
The orc hits you with a dagger. Edmund hits you but does no damage.
The orc hits you with a whip.
* * * LOW HITPOINT WARNING * * *
Edmund hits you with a dire flail!
You die...

.. ..# #. ..##
.. ..... #. ...#
###.# ...#
..#....###...#
.......)....##
#.....)os....#
#..#..o@..#....#
##.....# ...
#.....# .
#..#..# ..###..
..# #.. ..# ...


You could see Edmund and 2 orcs.

Vanquished Creatures
  A crimson imp (D:2)
  5 adders
  3 gnolls (D:3)
  4 worms
  2 giant geckos (D:1)
  5 orcs
  8 bats
  6 giant cockroaches
  11 goblins
  14 hobgoblins
  A quokka (D:3)
  A giant newt (D:2)
  4 kobolds
  5 rats
70 creatures vanquished.

Notes
Turn   | Place    | Note
--------------------------------------------------------------
     0 | D:1      | Vlagh the Octopode Transmuter began the quest for the Orb.
     0 | D:1      | Reached XP level 1. HP: 13/13 MP: 3/3
   426 | D:1      | Reached XP level 2. HP: 18/18 MP: 3/5
  1102 | D:1      | Reached XP level 3. HP: 23/23 MP: 4/6
  1296 | D:2      | Learned a level 3 spell: Spider Form
  1342 | D:2      | Found a burning altar of Makhleb.
  1350 | D:2      | Reached XP level 4. HP: 14/29 MP: 5/7
  2072 | D:2      | Reached skill level 1 in Poison Magic
  2705 | D:3      | Reached XP level 5. HP: 32/34 MP: 4/8
  3579 | D:4      | Noticed Edmund
  3595 | D:4      | Slain by Edmund

Vault maps used:
D:1:      roderic_dead_forest
D:2:      makhleb_grotto_becter
D:3:      first_bread
D:4:      vehumet_crystals, columned_hall_lemuel, uniq_edmund

Action                   |  1- 3 |  4- 6 || total
-------------------------+-------+-------++-------
Melee: Unarmed           |    57 |   115 ||   172
 Cast: Beastly Appendage |    22 |    17 ||    39
       Spider Form       |       |    13 ||    13
  Use: Scroll            |       |     7 ||     7
 Stab: Sleeping          |     6 |     2 ||     8
  Eat: Chunk             |     2 |     9 ||    11
